Map: Disco Bloodbath LE

Players

Kindness - Winner!

  • Race: Terran Terran
  • League: Master
  • Spawn Location: 9:00

Mez

  • Race: Terran Terran
  • League: Master
  • Spawn Location: 3:00

VOD

Have the link to the VOD?

Description

Time

  • Played on: Sept. 5, 2019, 9:14 a.m.
  • Length: 4:30
Show
View Real Time Build Order
Export as new Build Order

Kindness Terran - Winner!

Build Orders:  

Get SALT Encoding   

  12  0:01  SCV  
  13  0:13  SCV  
  14  0:20  Supply Depot  
  14  0:25  SCV  
  15  0:33  Refinery  
  15  0:41  SCV  
  16  0:53  Barracks  
  16  0:58  SCV  
  17  1:10  SCV  
  18  1:17  Barracks  
  18  1:22  SCV  
  19  1:34  SCV  
  19  1:38  Supply Depot  
  20  1:40  Barracks Tech Lab  
  20  1:49  Refinery  
  20  1:53  Orbital Command  
  20  2:00  Marauder  
  22  2:02  Concussive Shells  
  22  2:06  Barracks Tech Lab  
  22  2:12  Refinery  
  22  2:21  Marauder  
  24  2:28  Marauder  
  26  2:43  Marauder  
  27  2:45  Bunker  
  27  2:49  Marauder  
  28  3:03  SCV  
  28  3:04  Marauder  
  30  3:15  SCV  
  28  3:36  SCV  
  29  3:43  Factory  
  29  3:46  Marauder  
  31  4:08  SCV  
  30  4:12  Supply Depot  
Show
View Real Time Build Order
Export as new Build Order

Mez Terran 

Build Orders: Gas First Reaper Expand 

Get SALT Encoding   

  12  0:00  SCV  
  13  0:13  SCV  
  14  0:17  Supply Depot  
  14  0:25  SCV  
  14  0:27  Refinery  
  15  0:38  SCV  
  16  0:47  Barracks  
  16  0:51  SCV  
  17  1:04  SCV  
  18  1:16  SCV  
  19  1:36  Orbital Command, Reaper  
  20  1:45  Command Center  
  20  1:53  Factory  
  20  2:02  SCV  
  20  2:05  Supply Depot  
  21  2:12  Barracks Reactor  
  21  2:14  SCV  
  22  2:18  Refinery  
  22  2:26  SCV  
  23  2:38  SCV  
  23  2:41  Hellion  
  25  2:52  Marine, SCV  
  28  2:59  Marine  
  28  3:10  Hellion  
  24  3:28  Marine  
  24  3:31  SCV  
  24  3:32  Widow Mine  
  23  3:39  Command Center  
  21  4:22  Starport  
Tags
 
Add a new tag
Caveats
  • Supply blocks, unpowered buildings, or Contaminate may cause inaccurate times.
  • Supply counts are checked every 10 seconds.